Workbook

Sheet Mgment report
A2: #VALUE! | D2: MANAGEMENT REPORT for BUSINESS NAME
A4: MANAGEMENT ACCOUNTS | B4: Period from | C4: 45536 | D4: to | E4: 45565
B6: BUDGET | C6: ACTUAL | D6: ACTUAL | E6: BUDGET TO | F6: VARIANCE | G6: NOTES
F7: Budget v
B8: 2024/25 | C8: date | D8: year-to-date | E8: date | F8: Actual
A9: INCOME | B9: £ | C9: £ | D9: £ | E9: £ | F9: £
A10: Earned income - café | B10: 5000 | C10: 350 | D10: 2470 | E10: 3000 | F10: =D10-E10 -> -530 | G10: Café sales poorer than expected
A11: Contract/earned income | B11: 10000 | C11: 2500 | D11: 5000 | E11: 5000 | F11: =D11-E11 -> 0 | G11: On track
A12: Rental/room hire income | B12: 6000 | C12: 600 | D12: 3100 | E12: 3000 | F12: =D12-E12 -> 100 | G12: Room hire going well
A13: Grant - Main funder | B13: 25000 | C13: 0 | D13: 25000 | E13: 25000 | F13: =D13-E13 -> 0 | G13: Paid up front
A14: Grant - fund 2 | B14: 13000 | C14: 0 | D14: 6500 | E14: 6500 | F14: =D14-E14 -> 0 | G14: 2nd payment due in Oct
A15: Grant - fund 3 | B15: 8000 | C15: 8000 | D15: 8000 | E15: 8000 | F15: =D15-E15 -> 0 | G15: Project from 1 Sept
A16: Small grants | B16: 3500 | C16: 500 | D16: 1000 | E16: 2000 | F16: =D16-E16 -> -1000 | G16: 2 rejected but 4 applications pending
A17: Donations | B17: 200 | C17: 65 | D17: 180 | E17: 120 | F17: =D17-E17 -> 60
A18: Fundraising | B18: 1200 | C18: 0 | D18: 480 | E18: 400 | F18: =D18-E18 -> 80 | G18: 2 events to be held Oct and Feb
A19: Other income | B19: 0 | C19: 0 | D19: 1200 | E19: 0 | F19: =D19-E19 -> 1200 | G19: Insurance claim
A20: Other income | B20: 0 | C20: 0 | D20: 0 | E20: 0 | F20: =D20-E20 -> 0
A21: TOTAL INCOME | B21: =SUM(B10:B20) -> 71900 | C21: =SUM(C10:C20) -> 12015 | D21: =SUM(D10:D20) -> 52930 | E21: =SUM(E10:E20) -> 53020 | F21: =SUM(F10:F20) -> -90
A23: EXPENDITURE
A24: DIRECT COSTS
A25: Staff costs | B25: 24000 | C25: 2100 | D25: 12600 | E25: 12000 | F25: =E25-D25 -> -600 | G25: Extra hours to cover l-t absences
A26: Staff travel & expenses | B26: 240 | C26: 0 | D26: 75 | E26: 120 | F26: =E26-D26 -> 45
A27: Cost of sales/purchases | B27: 1400 | C27: 65 | D27: 970 | E27: 800 | F27: =E27-D27 -> -170 | G27: Includes events catering
A28: Project costs 1 | B28: 6200 | C28: 1000 | D28: 4700 | E28: 4000 | F28: =E28-D28 -> -700 | G28: Materials purchased in bulk for whole project
A29: Project costs 2 | B29: 5000 | C29: 300 | D29: 1800 | E29: 2700 | F29: =E29-D29 -> 900 | G29: Project start delayed. Will catch up
A30: Activities & events | B30: 2000 | C30: 0 | D30: 2200 | E30: 2000 | F30: =E30-D30 -> -200 | G30: Overspend on summer event
A31: Transport | B31: 2000 | C31: 600 | D31: 1205 | E31: 1200 | F31: =E31-D31 -> -5 | G31: On track
A32: Other | B32: 0 | C32: 0 | D32: 0 | E32: 0 | F32: =E32-D32 -> 0
A33: OVERHEADS
A34: Premises rent | B34: 6000 | C34: 500 | D34: 3000 | E34: 3000 | F34: =E34-D34 -> 0
A35: Utilities & rates | B35: 6000 | C35: 500 | D35: 3600 | E35: 2700 | F35: =E35-D35 -> -900 | G35: Includes PY underpayment (paid July)
A36: Insurance | B36: 1200 | C36: 0 | D36: 1310 | E36: 1200 | F36: =E36-D36 -> -110 | G36: Looking for new quote for renewal
A37: Premises costs | B37: 9000 | C37: 3200 | D37: 4800 | E37: 4500 | F37: =E37-D37 -> -300 | G37: Boiler replacement in Sept
A38: Equipment renewals & repairs | B38: 1200 | C38: 212.3 | D38: 716.49 | E38: 800 | F38: =E38-D38 -> 83.51
A39: Telephone and broadband | B39: 600 | C39: 50 | D39: 300 | E39: 300 | F39: =E39-D39 -> 0
A40: Stationery & office consumables | B40: 600 | C40: 37 | D40: 200 | E40: 300 | F40: =E40-D40 -> 100
A41: Subscriptions | B41: 580 | C41: 220 | D41: 220 | E41: 220 | F41: =E41-D41 -> 0
A42: Accountancy & book-keeping | B42: 3000 | C42: 100 | D42: 200 | E42: 200 | F42: =E42-D42 -> 0 | G42: Payroll fees
A43: Professional & consultancy fees | B43: 0 | C43: 0 | D43: 0 | E43: 0 | F43: =E43-D43 -> 0
A44: Bank & finance charges | B44: 480 | C44: 43 | D44: 267 | E44: 240 | F44: =E44-D44 -> -27 | G44: Higher card charges than budgeted
A45: Other costs | B45: 400 | C45: 34 | D45: 207 | E45: 200 | F45: =E45-D45 -> -7
A46: REVENUE EXPENDITURE | B46: =SUM(B25:B45) -> 69900 | C46: =SUM(C25:C45) -> 8961.3 | D46: =SUM(D25:D45) -> 38370.49 | E46: =SUM(E25:E45) -> 36480 | F46: =SUM(F25:F45) -> -1890.49
A47: CAPITAL EXPENDITURE
A48: Laptop | B48: 800 | C48: 0 | D48: 795 | E48: 800 | F48: =E48-D48 -> 5
A49: Item 2 | B49: 0 | C49: 0 | D49: 0 | E49: 0 | F49: =E49-D49 -> 0
A51: TOTAL EXPENDITURE | B51: =SUM(B46:B50) -> 70700 | C51: =SUM(C46:C50) -> 8961.3 | D51: =SUM(D46:D50) -> 39165.49 | E51: =SUM(E46:E50) -> 37280 | F51: =SUM(F46:F50) -> -1885.49
A53: PERIOD SURPLUS/(DEFICIT) | B53: =B21-B51 -> 1200 | C53: =C21-C51 -> 3053.7 | D53: =D21-D51 -> 13764.51 | E53: =E21-E51 -> 15740 | F53: =F21+F51 -> -1975.49
A55: BANK BALANCE B/FWD | B55: 9890 | C55: 20601 | D55: =B55 -> 9890 | E55: =B55 -> 9890
A57: BANK BALANCE C/FWD | B57: =SUM(B53:B56) -> 11090 | C57: =SUM(C53:C56) -> 23654.7 | D57: =SUM(D53:D56) -> 23654.51 | E57: =SUM(E53:E56) -> 25630
A59: RESTRICTED FUNDS BREAKDOWN
B60: OPENING BALANCE | C60: FUNDS RECEIVED | D60: FUNDS SPENT | E60: REMAINING BALANCE | F60: GRANT END DATE | G60: PURPOSE OF FUNDING
A61: Main grant | B61: 100 | C61: 25000 | D61: 12750 | E61: =B61+C61-D61 -> 12350 | F61: 46112
A62: Fund 2 | B62: 1000 | C62: 6500 | D62: 6690 | E62: =B62+C62-D62 -> 810 | F62: 45747
A63: Fund 3 | B63: 0 | C63: 8000 | D63: 260 | E63: =B63+C63-D63 -> 7740 | F63: 45900
A64: Fund 4 | B64: 0 | C64: 0 | D64: 0 | E64: =B64+C64-D64 -> 0
A65: Fund 5 | B65: 0 | C65: 0 | D65: 0 | E65: =B65+C65-D65 -> 0
A66: Other small funds | B66: 245 | C66: 1000 | D66: 745 | E66: =B66+C66-D66 -> 500
B67: =SUM(B61:B66) -> 1345 | C67: =SUM(C61:C66) -> 40500 | D67: =SUM(D61:D66) -> 20445 | E67: =SUM(E61:E66) -> 21400
A69: Designated Funds | B69: 1000 | E69: 1000
A71: Unrestricted reserves | B71: =B55-B67-B69 -> 7545 | E71: =D57-E67-E69 -> 1254.51

Sheet Visuals
B1: #VALUE! | G1: VISUALS FOR MANAGEMENT REPORT
C5: INCOME
M7: SUMMARY BREAKDOWN - Actual to date
M8: Earned Income | N8: =SUM('Mgment report'!D10:D12) -> 10570 | P8: This is linked to the Management Report Income section and is grouped.
M9: Grants | N9: =SUM('Mgment report'!D13:D16) -> 40500 | P9: This is linked to the Management Report Income section and is grouped.
M10: Fundraising & Donations | N10: =SUM('Mgment report'!D17:D18) -> 660 | P10: This is linked to the Management Report Income section and is grouped.
M11: Other Income | N11: =SUM('Mgment report'!D19:D20) -> 1200 | P11: This is linked to the Management Report Income section and is grouped.
C33: EXPENDITURE
Y34: SUMMARY BREAKDOWN - Actual to date
Y35: Direct costs | Z35: =SUM('Mgment report'!D25:D32) -> 23550 | AB35: This is linked to the Management Report Direct Costs section and is the sum of all costs for actual to date.
Y36: Overheads | Z36: =SUM('Mgment report'!D34:D45) -> 14820.49 | AB36: This is linked to the Management Report Overheads section and is the sum of all costs for actual to date.
Y37: Capital | Z37: =SUM('Mgment report'!D48:D49) -> 795 | AB37: This is linked to the Management Report Capital section and is the sum of all costs for actual to date.
C67: This is a full detailed description with all of the totals. | N67: This is the summary expenditure for Actual year to date. Information has been brought forward from the sum of your expnses - grouped to Direct costs, Overheads and Capital.
C71: RESTRICTED FUNDS BREAKDOWN
N76: SUMMARY BREAKDOWN - Actual to date
N77: Restricted Funds | O77: ='Mgment report'!E67 -> 21400 | Q77: This is linked to the Management Report Restricted Funds section and is grouped.
N78: Unrestricted Funds | O78: =SUM('Mgment report'!E71) -> 1254.51 | Q78: This is linked to the Management Report Restricted Funds section and is grouped.
N79: Designated Funds | O79: ='Mgment report'!E69 -> 1000 | Q79: This is linked to the Management Report Restricted Funds section and is grouped.
